 Dungeon Crawl Stone Soup version 0.32-a0-163-g159c032296 (webtiles) character file.

Game seed: 5102341992821879002

57 SigmundSlayer the Chiller (level 3, -1/28 HPs)
             Began as a Draconian Ice Elementalist on Feb 12, 2024.
             Slain by a fire elemental (7 damage)
             ... created by the fiery vengeance of Ignis
             ... in a sewer.
             The game lasted 00:03:20 (1646 turns).

SigmundSlayer the Chiller (DrIE)                    Turns: 1646, Time: 00:03:20

Health: -1/28      AC:  6    Str: 10    XL:     3   Next: 73%
Magic:  6/6        EV: 12    Int: 17    God:
Gold:   63         SH:  0    Dex: 11    Spells: 5/6 levels left

rFire   . . .        f - +2 dagger (venom)
rCold   . . .        (no shield)
rNeg    . . .        (body armour unavailable)
rPois   .            (helmet restricted)
rElec   .            (no cloak)
rCorr   .            b - +0 pair of gloves
SInv    .            (no boots)
Will    .....        (no amulet)
Stlth   +            (no ring)
HPRegen 0.24/turn    (no ring)
MPRegen 0.10/turn

%: no passive effects
@: confused, fire susceptible
A: AC +5, unfitting armour, cold-blooded
a: no special abilities


You were in a sewer.
You visited 1 branch of the dungeon, and saw 4 of its levels.
You also visited: Sewer.

You collected 63 gold pieces.

Inventory:

Hand Weapons
 d - a +1 heavy flail
 f - a +2 dagger of venom (weapon)
Armour
 b - a +0 pair of gloves (worn)
Scrolls
 c - a scroll of identify
 e - a scroll of poison
Potions
 a - a potion of magic
 g - a potion of enlightenment {unknown}
 h - a potion of might {unknown}
 j - a potion of resistance {unknown}
 k - a potion of haste {unknown}
 l - a potion of brilliance {unknown}
 m - a potion of invisibility {unknown}
 n - a potion of curing {unknown}


   Skills:
 - Level 1.0 Fighting
 + Level 2.4 Dodging
 - Level 1.7 Stealth
 - Level 2.0 Spellcasting
 - Level 5.0 Ice Magic


You had 5 spell levels left.
You knew the following spells:

 Your Spells              Type           Power      Damage    Failure   Level
a - Freeze                Ice            72%        1d8       2%          1

Your spell library contained the following spells:

 Spells                   Type           Power      Damage    Failure   Level
 Frozen Ramparts          Ice            36%        1d6       8%          3
 Ozocubu's Armour         Ice            18%        N/A       8%          3
 Summon Ice Beast         Ice/Summ       10%        N/A       21%         3


Dungeon Overview and Level Annotations

Branches:
Dungeon (4/15)              Sewer (1/1)
 Temple: D:4-7

Altars:
Ignis


Innate Abilities, Weirdness & Mutations

Your plain brown scales are hard. (AC +5)
You cannot fit into any form of body armour.
You are cold-blooded and may be slowed by cold attacks.


Message History

The giant cockroach barely misses you.
Your unstable footing causes you to fumble your attack.
You kill the giant cockroach!
You see here a giant cockroach corpse.
A quokka comes into view.
You enter the shallow water.
Moving in this stuff is going to be slow.
The quokka splashes around in the water.
The quokka closely misses you.
You miss the quokka. The quokka misses you. The quokka closely misses you.
Your unstable footing causes you to fumble your attack.
The quokka bites you.
Your unstable footing causes you to fumble your attack.
The quokka splashes around in the water.
Your unstable footing causes you to fumble your attack.
The quokka bites you.
You hit the quokka.
The quokka is poisoned.
You tail-slap the quokka.
The quokka is heavily wounded.
The quokka closely misses you.
Your unstable footing causes you to fumble your attack.
You kill the quokka!
You see here a quokka corpse.
Found a glowing drain.
There is a glowing drain here.
The world spins around you as you enter the gateway.
You enter a sewer!
There is an empty arch of ancient stone here.
Ignis wails with rage, and rains down burning fury!
The divine experience confuses you!
You are confused. 3 fire elementals come into view.
You bump into the rock wall.
The fire elemental barely misses you.
You're too confused to move!
The fire elemental hits you. The fire elemental burns you!
The fire elemental closely misses you. The fire elemental barely misses you.
The fire elemental closely misses you.
You hit the fire elemental but do no damage.
The fire elemental hits you. The fire elemental burns you!
* * * LOW HITPOINT WARNING * * *
The fire elemental hits you. The fire elemental burns you!
You die...

. .. ...
### ....
#∩# .....
##@#
......#EE#
......○E##
.......##
......#
......
≈.....
≈....
~....


You could see 3 fire elementals.

Vanquished Creatures
  An adder (D:3)
  A dart slug (D:1)
  2 ribbon worms (D:3)
  An orc (D:4)
  7 bats (D:1)
  2 endoplasms
  3 giant cockroaches
  5 goblins (D:1)
  2 hobgoblins
  2 quokkas
  3 ball pythons
  A frilled lizard (D:1)
  4 kobolds
  6 rats
  A spectral goblin (D:2)
41 creatures vanquished.

Notes
Turn   | Place    | Note
-------+----------+-------------------------------------------
     0 | D:1      | SigmundSlayer the Draconian Ice Elementalist began the
                  | quest for the Orb.
     0 | D:1      | Reached XP level 1. HP: 14/14 MP: 3/3
   320 | D:1      | Reached XP level 2. HP: 20/20 MP: 1/5
  1000 | D:2      | Reached skill level 5 in Ice Magic
  1046 | D:2      | Reached XP level 3. HP: 25/26 MP: 6/6
  1269 | D:2      | Found a faded altar of an unknown god.
  1315 | D:2      | Prayed at the altar of an unknown god.
  1315 | D:2      | Became a worshipper of Ignis, the Dying Flame
  1316 | D:2      | Fell from the grace of Ignis
  1377 | D:2      | You fall into a shaft and drop 2 floors!
  1463 | D:3      | Reached skill level 1 in Fighting
  1633 | D:3      | Found a glowing drain.
  1637 | Sewer    | Entered a sewer
  1642 | Sewer    | Noticed a fire elemental
  1642 | Sewer    | Noticed a fire elemental
  1642 | Sewer    | Noticed a fire elemental
  1646 | Sewer    | Slain by a fire elemental

Illustrated notes

Levels and vault maps discovered:
D:1:      matt_arrival_los_fun, layout_loops_ring
D:2:      cheibrodos_greedy_goblins, layout_basic,
          dreamdust_ecumenical_altar_drowned_temple
D:3:      layout_rooms, gup_sewer_entry_spiral
D:4:      layout_cave_pools, nemelex_dance_club_becter, slow_altar_1,
          nzn_wu_jian_contemplation, mainiacjoe_overflow_alcove_4, serial_shops,
          shop
Sewer:    sewer_minmay_treatment

Skill      XL: |  1  2  3 |
---------------+----------+-----
Ice Magic      | 5 |  5.0
Fighting       | 1 |  1.0
Dodging        | 2 |  2.4
Stealth        | |  1.7
Spellcasting   | |  2.0

Action                     || total
---------------------------++-------
  Melee: Unarmed           ||    11
         Tailslap          ||    10
         Dagger            ||    51
         Flail             ||     8
         Punch             ||     1
   Cast: Freeze            ||    34
 Invoke: Renounce Religion ||     1
    Use: Scroll            ||     4
   Stab: Sleeping          ||     2
 Armour: Skin              ||    65
  Dodge: Dodged            ||    61

Table legend: (Time is in decaauts)
 A = Elapsed time spent in this place.
 B = Non-inter-level travel time spent in this place.
 C = Inter-level travel time spent in this place.
 D = Time resting spent in this place.
 E = Time spent auto-exploring this place.
 F = Levels seen in this place.
 G = Mean time per level.
                   A        B        C        D        E       F      G
               +--------+--------+--------+--------+--------+-----+--------+
         Total |   1678 |   1638 |     40 |    196 |    986 |   5 |  335.6 |
       Dungeon |   1670 |   1630 |     40 |    196 |    983 |   4 |  417.5 |
         Sewer |      8 |      8 |      0 |      0 |      3 |   1 |    8.0 |
               +--------+--------+--------+--------+--------+-----+--------+

Top non-repeatable levels by time:
     D:1: 944 daAuts
     D:2: 443 daAuts
     D:3: 198 daAuts
     D:4: 83 daAuts
   Sewer: 8 daAuts
